Map: Winter's Gate LE

Players

sandboX - Winner!

  • Race: Zerg Zerg
  • League: Gold
  • Spawn Location: 5:00

Ehkz

  • Race: Protoss Protoss
  • League: Platinum
  • Spawn Location: 11:00

VOD

Have the link to the VOD?

Description

Time

  • Played on: Aug. 21, 2019, 8:48 p.m.
  • Length: 8:54
Show
View Real Time Build Order
Export as new Build Order

sandboX Zerg - Winner!

Build Orders: Hatch First 

Get SALT Encoding   

  12  0:01  Drone  
  13  0:12  Overlord  
  13  0:22  Drone  
  14  0:31  Drone x2  
  16  0:50  Hatchery  
  16  0:56  Drone x2  
  17  0:59  Drone  
  17  1:03  Extractor  
  17  1:22  Spawning Pool  
  17  1:23  Drone x2  
  18  1:28  Drone  
  19  1:39  Overlord  
  19  1:56  Drone  
  20  2:09  Zergling x4  
  20  2:10  Queen x2  
  20  2:12  Metabolic Boost  
  26  2:16  Drone  
  26  2:20  Drone  
  28  2:27  Drone x2  
  30  2:46  Hatchery  
  29  2:55  Drone x4  
  33  2:59  Overlord  
  33  3:03  Drone  
  34  3:12  Zergling x4  
  36  3:18  Roach Warren  
  35  3:29  Spine Crawler  
  35  3:33  Spine Crawler  
  31  3:40  Drone x6  
  35  3:49  Queen  
  35  3:53  Drone x2  
  39  3:58  Queen  
  41  4:03  Drone  
  41  4:04  Drone  
  43  4:17  Drone x5  
  48  4:51  Overlord  
  48  4:52  Overlord x2  
  48  4:56  Extractor  
  48  4:57  Extractor  
  46  5:04  Drone x4  
  46  5:06  Overlord x2  
  50  5:08  Lair  
  50  5:14  Evolution Chamber  
  50  5:17  Evolution Chamber  
  48  5:31  Drone x8  
  48  5:32  Drone x9  
  65  5:46  Zerg Ground Armor Level 1, Zerg Missile Weapons Level 1  
  65  5:51  Roach x8  
  81  6:03  Extractor  
  80  6:08  Glial Reconstitution, Extractor  
  79  6:15  Hydralisk Den  
  79  6:17  Roach  
  80  6:21  Roach x5  
  80  6:23  Overlord x5  
  90  7:04  Roach x4  
  90  7:05  Roach x13  
  124  7:11  Overlord  
  124  7:16  Extractor  
  123  7:31  Muscular Augments  
  123  7:35  Burrow  
  123  7:37  Hatchery  
  123  7:41  Drone x8  
  126  7:54  Roach x2  
  126  7:56  Overlord x6  
  124  8:18  Roach x10  
Show
View Real Time Build Order
Export as new Build Order

Ehkz Protoss 

Build Orders:  

Get SALT Encoding   

  1  0:00  Probe  
  12  0:05  Probe  
  14  0:15  Assimilator  
  14  0:17  Probe  
  15  0:26  Pylon  
  15  0:44  Probe  
  15  0:46  Gateway  
  16  0:56  Probe  
  17  0:57  Pylon  
  17  1:09  Gateway  
  17  1:14  Probe  
  18  1:22  Probe  
  18  1:32  Probe  
  20  1:50  Nexus  
  20  2:01  Cybernetics Core  
  20  2:07  Zealot  
  22  2:13  Zealot  
  24  2:17  Probe  
  25  2:25  Probe  
  26  2:30  Pylon  
  26  2:34  Pylon  
  26  2:38  Warp Gate  
  26  2:51  Gateway  
  26  2:55  Forge  
  26  3:03  Stalker  
  26  3:04  Probe  
  28  3:07  Probe  
  30  3:15  Assimilator  
  30  3:16  Probe x2  
  29  3:48  Probe x2  
  30  3:57  Adept x3  
  30  4:00  Probe  
  37  4:09  Nexus  
  37  4:12  Pylon  
  37  4:15  Probe  
  37  4:16  Probe  
  37  4:23  Probe  
  40  4:35  Photon Cannon  
  40  4:38  Photon Cannon  
  40  4:43  Adept  
  40  4:44  Adept  
  44  4:56  Robotics Facility  
  44  4:59  Robotics Facility  
  44  5:03  Probe  
  44  5:05  Assimilator  
  45  5:07  Assimilator  
  45  5:08  Probe  
  46  5:19  Probe x3  
  49  5:29  Protoss Ground Weapons Level 1  
  49  5:41  Photon Cannon  
  49  5:43  Photon Cannon  
  49  5:46  Robotics Bay  
  49  5:48  Probe, Assimilator  
  49  5:49  Probe  
  51  5:50  Probe  
  52  6:01  Probe  
  52  6:02  Probe x2  
  55  6:18  Nexus  
  55  6:19  Probe  
  55  6:20  Probe x2  
  58  6:32  Colossus  
  64  6:40  Colossus  
  64  6:46  Stalker  
  72  6:58  Probe x2  
  72  6:59  Probe  
  75  7:10  Probe  
  76  7:17  Stargate x2  
  76  7:20  Stargate  
  76  7:22  Probe x3  
  76  7:28  Assimilator  
  79  7:30  Probe x3  
  81  7:40  Probe  
  82  7:48  Immortal  
  74  7:58  Stalker x3  
  66  8:00  Immortal  
  70  8:25  Stalker x2  
Tags
 
Add a new tag
Caveats
  • Supply blocks, unpowered buildings, or Contaminate may cause inaccurate times.
  • Supply counts are checked every 10 seconds.